 Dungeon Crawl Stone Soup version 0.25-a0-294-gea9b1ad378 (webtiles) character file.

Game seed: 10600159713937903162, levelgen mode: deterministic

2643 MoonlitKnight the Magician (level 9, -1/71 HPs)
             Began as a Gnoll Skald on Dec 17, 2019.
             Was a Follower of Okawaru.
             Killed by nerve-wracking pain
             ... invoked by an orc priest
              (14 damage)
             ... on level 7 of the Dungeon.
             The game lasted 00:15:00 (7981 turns).

MoonlitKnight the Magician (Gnoll Skald)            Turns: 7981, Time: 00:15:00

Health: -1/71      AC: 11    Str: 14    XL:     9   Next: 62%
Magic:  11/19      EV: 16    Int: 16    God:    Okawaru [*.....]
Gold:   401        SH:  0    Dex: 17    Spells: 10/21 levels left

rFire    . . .     SeeInvis .   m - +5 halberd
rCold    + . .     Gourm    .   (shield currently unavailable)
rNeg     . . .     Faith    .   z - +1 leather armour {rC+}
rPois    .         Spirit   .   e - +0 helmet
rElec    .         Reflect  .   D - +0 cloak
rCorr    .         Harm     .   (no gloves)
MR       .....                  y - +0 pair of boots
Stlth    +++.......             (no amulet)
HPRegen  1.21/turn              g - +3 ring of protection
MPRegen  0.16/turn              (no ring)

@: regenerating (expiring), lightly drained
A: distributed training, fangs 1, strong nose
a: Heroism, Renounce Religion


You were on level 7 of the Dungeon.
You worshipped Okawaru.
Okawaru was aware of your devotion.
You were hungry.

You visited 2 branches of the dungeon, and saw 8 of its levels.

You collected 401 gold pieces.

Inventory:

Hand Weapons
 a - a +0 trident of venom
 m - a +5 halberd (weapon)
Missiles
 i - 16 javelins (quivered)
 G - 7 poisoned darts
Armour
 e - a +0 helmet (worn)
 y - a +0 pair of boots (worn)
 z - a +1 leather armour of cold resistance (worn)
 D - a +0 cloak (worn)
 E - a +0 buckler
Jewellery
 g - a +3 ring of protection (left hand)
 s - an uncursed amulet of faith
 H - an uncursed ring of resist corrosion {unknown}
Wands
 b - a wand of iceblast (11)
 k - a wand of flame (18)
 o - a wand of random effects (24)
 v - a wand of polymorph (5)
Scrolls
 f - 3 scrolls of teleportation
 j - 6 scrolls of amnesia {unknown}
 l - 4 scrolls of enchant weapon {unknown}
 n - 4 scrolls of remove curse {unknown}
 w - 2 scrolls of fog {unknown}
 x - a scroll of blinking {unknown}
 B - 2 scrolls of magic mapping {unknown}
 C - a scroll of identify
Potions
 c - 2 potions of heal wounds
 h - 2 potions of haste
 p - a potion of invisibility
 q - 2 potions of ambrosia
 r - a potion of might
 t - a potion of flight
 u - a potion of brilliance
 A - a potion of resistance
 F - a potion of lignification {unknown}
Comestibles
 d - 10 rations


   Skills:
 + Level 6.4(6.1) Fighting
 + Level 4.3(4.0) Short Blades
 + Level 4.3(4.0) Long Blades
 + Level 4.3(4.0) Axes
 + Level 4.3(4.0) Maces & Flails
 + Level 6.4(6.1) Polearms
 + Level 4.3(4.0) Staves
 + Level 4.3(4.0) Slings
 + Level 4.3(4.0) Bows
 + Level 4.3(4.0) Crossbows
 + Level 4.3(4.0) Throwing
 + Level 5.1(4.8) Armour
 + Level 6.4(6.1) Dodging
 + Level 4.3(4.0) Stealth
 + Level 4.3(4.0) Shields
 + Level 4.3(4.0) Unarmed Combat
 + Level 6.7(6.4) Spellcasting
 + Level 3.5(3.3) Conjurations
 + Level 3.5(3.3) Hexes
 + Level 6.6(6.3) Charms
 + Level 3.5(3.3) Summonings
 + Level 3.5(3.3) Necromancy
 + Level 3.5(3.3) Translocations
 + Level 3.5(3.3) Transmutations
 + Level 3.5(3.3) Fire Magic
 + Level 3.5(3.3) Ice Magic
 + Level 3.5(3.3) Air Magic
 + Level 3.5(3.3) Earth Magic
 + Level 3.5(3.3) Poison Magic
 + Level 4.8(4.5) Invocations
 + Level 4.3(4.0) Evocations


You had 10 spell levels left.
You knew the following spells:

 Your Spells              Type           Power        Failure   Level  Hunger
a - Infusion              Chrm           ####         1%          1    None
b - Shroud of Golubria    Chrm/Tloc      ###...       3%          2    None
c - Spectral Weapon       Hex/Chrm       ###.....     7%          3    ##.....
d - Regeneration          Chrm/Necr      ###.......   7%          3    ##.....
e - Song of Slaying       Chrm           ####....     1%          2    None

Your spell library contained the following spells:

 Spells                   Type           Power        Failure   Level  Hunger
 Freeze                   Ice            ###.         4%          1    None
 Ozocubu's Armour         Chrm/Ice       ###.....     7%          3    ##.....
 Hailstorm                Conj/Ice       ###.....     38%         4    ####...
 Summon Ice Beast         Ice/Summ       ###.....     38%         4    ####...


Dungeon Overview and Level Annotations

Branches:
Dungeon (7/15)             Temple (1/1) D:5

Altars:
Ashenzari
Cheibriados
Elyvilon
Fedhas
Gozag
Hepliaklqana
Okawaru
Qazlal
Sif Muna
Trog
Uskayaw
Wu Jian
Xom
Yredelemnul
Zin

Annotations:
D:3 1 runed translucent door, Crazy Yiuf
D:4 2 transporters, loom's ghost, amateur NaVM


Innate Abilities, Weirdness & Mutations

Your experience applies equally to all skills.
You have very sharp teeth.
Your uncanny sense of smell can sniff out nearby items.


Message History

Your spectral weapon fades away.
You slash the orc priest!
The orc priest is almost dead.
The killer bee stings the plant!
The killer bee stings the plant.
The plant is destroyed!
The killer bee stings the plant but does no damage.
The gnoll completely misses you.
The orc priest hits you with a +1 vampiric hand axe.
* * * LOW HITPOINT WARNING * * *
The orc priest draws strength from your wounds!
The orc warrior barely misses you.
A sky beast comes into view.
Something stings the plant.
The gnoll misses you.
Something stings the plant.
The orc priest mumbles some strange prayers to Beogh against you.
Pain shoots through your body!
* * * LOW HITPOINT WARNING * * *
Your skin is crawling a little less now.
The orc priest mumbles some strange prayers to Beogh against you.
Pain shoots through your body!
You die...

♣♣###.##................
#.##.......##....##.
..##.......###.#....
#####.......# #....##
#########.# #....+.
###...#####.###....##
............#......# Y
#......##.#......## ≈≈
#.@....##.#........
♣P≈♣♣#####......##.#...##...
≈≈≈;≈.yyg.......##.#...##...
JP♣♣..)go.####..#########...
♣PP≈%.)yo.##_#..# #...
≈≈≈....#####'#.## #...
≈≈..... #...# ###. ≈≈.....
##### #. ≈#..... #.


You could see an orc warrior, a gnoll shaman, a killer bee, an orc priest and a
gnoll.

Vanquished Creatures
  Grinder (D:3)
  2 phantoms
  A black bear (D:6)
  2 ogres
  5 centaurs
  A big kobold (D:7)
  5 bullfrogs
  4 howler monkeys
  3 wights (D:7)
  4 crimson imps
  A quasit (D:7)
  A bullfrog zombie (D:5)
  2 hounds
  2 orc priests (D:4)
  4 orc wizards
  3 iguanas
  Ijyb (D:3)
  3 worker ants
  A killer bee zombie (D:7)
  9 adders
  2 oozes
  4 worms
  3 dart slugs
  5 leopard geckos
  18 orcs
  3 ball pythons
  5 giant cockroaches
  12 hobgoblins
  11 jackals
  11 kobolds
  4 quokkas
  4 bats
  6 frilled lizards
  12 goblins
  A quokka skeleton (D:6)
  12 rats
168 creatures vanquished.

Vanquished Creatures (collateral kills)
  A water moccasin (D:6)
1 creature vanquished.

Vanquished Creatures (others)
  9 plants
  2 spectral weapons (D:7)
11 creatures vanquished.

Grand Total: 180 creatures vanquished

Notes
Turn   | Place    | Note
-------+----------+-------------------------------------------
     0 | D:1      | MoonlitKnight the Gnoll Skald began the quest for the Orb.
     0 | D:1      | Reached XP level 1. HP: 20/20 MP: 6/6
   235 | D:1      | Reached XP level 2. HP: 23/26 MP: 7/7
   512 | D:1      | Reached XP level 3. HP: 20/31 MP: 9/9
   622 | D:1      | Learned a level 2 spell: Shroud of Golubria
   626 | D:1      | Learned a level 3 spell: Spectral Weapon
   630 | D:1      | Learned a level 3 spell: Regeneration
   633 | D:1      | Learned a level 2 spell: Song of Slaying
   642 | D:1      | Reached skill level 5 in Spellcasting
   777 | D:1      | Reached skill level 1 in Invocations
  1178 | D:2      | Reached skill level 1 in Short Blades
  1178 | D:2      | Reached skill level 1 in Long Blades
  1178 | D:2      | Reached skill level 1 in Axes
  1178 | D:2      | Reached skill level 1 in Maces & Flails
  1178 | D:2      | Reached skill level 1 in Staves
  1178 | D:2      | Reached skill level 1 in Slings
  1178 | D:2      | Reached skill level 1 in Bows
  1178 | D:2      | Reached skill level 1 in Crossbows
  1178 | D:2      | Reached skill level 1 in Throwing
  1178 | D:2      | Reached skill level 1 in Stealth
  1178 | D:2      | Reached skill level 1 in Shields
  1178 | D:2      | Reached skill level 1 in Unarmed Combat
  1178 | D:2      | Reached skill level 1 in Evocations
  1456 | D:2      | Reached XP level 4. HP: 37/38 MP: 7/11
  1595 | D:2      | Found an opulent altar of Gozag.
  1610 | D:2      | Found a shattered altar of Ashenzari.
  1698 | D:2      | Reached skill level 1 in Conjurations
  1698 | D:2      | Reached skill level 1 in Hexes
  1698 | D:2      | Reached skill level 1 in Summonings
  1698 | D:2      | Reached skill level 1 in Necromancy
  1698 | D:2      | Reached skill level 1 in Translocations
  1698 | D:2      | Reached skill level 1 in Transmutations
  1698 | D:2      | Reached skill level 1 in Fire Magic
  1698 | D:2      | Reached skill level 1 in Ice Magic
  1698 | D:2      | Reached skill level 1 in Air Magic
  1698 | D:2      | Reached skill level 1 in Earth Magic
  1698 | D:2      | Reached skill level 1 in Poison Magic
  1874 | D:2      | Found a stormy altar of Qazlal.
  2093 | D:2      | Found a blossoming altar of Fedhas.
  2093 | D:2      | Found a shimmering blue altar of Sif Muna.
  2331 | D:3      | Reached XP level 5. HP: 43/43 MP: 12/12
  2387 | D:3      | You fall into a shaft and drop 1 floor!
  2528 | D:4      | Noticed an ogre
  2547 | D:4      | Killed an ogre
  2547 | D:4      | Reached XP level 6. HP: 39/50 MP: 8/13
  2637 | D:3      | Found a runed translucent door.
  2638 | D:3      | Noticed Crazy Yiuf
  2738 | D:3      | Found a white marble altar of Elyvilon.
  2782 | D:3      | Noticed Grinder
  2796 | D:3      | Killed Grinder
  2796 | D:3      | Reached skill level 5 in Fighting
  2796 | D:3      | Reached skill level 5 in Polearms
  2796 | D:3      | Reached skill level 5 in Dodging
  2796 | D:3      | Reached XP level 7. HP: 22/56 MP: 11/15
  3024 | D:3      | Noticed Ijyb
  3049 | D:3      | Killed Ijyb
  3803 | D:4      | You fall into a shaft and drop 2 floors!
  3809 | D:6      | Found an iron altar of Okawaru.
  4008 | D:5      | Entered Level 5 of the Dungeon
  4415 | D:4      | Found a transporter.
  4415 | D:4      | Found a transporter.
  4516 | D:4      | Reached XP level 8. HP: 10/63 MP: 10/16
  4535 | D:4      | Noticed loom's ghost (amateur NaVM)
  5369 | D:4      | Found a hide-covered altar of Uskayaw.
  5497 | D:5      | Found a staircase to the Ecumenical Temple.
  5591 | Temple   | Entered the Ecumenical Temple
  5634 | Temple   | Became a worshipper of Warmaster Okawaru
  6218 | D:6      | Reached * piety under Okawaru
  6604 | D:6      | Reached XP level 9. HP: 54/69 MP: 18/18
  7731 | D:7      | Reached skill level 5 in Armour
  7949 | D:7      | Found a glowing silver altar of Zin.
  7981 | D:7      | Killed from afar by an orc priest

Levels and vault maps discovered:
D:1:      sevenhm_arrival_forest_fort_large_3, layout_basic,
          minmay_misc_feat_secret_circle
D:2:      layout_rooms, nicolae_overflow_crystal_walls,
          nicolae_qazlal_eye_of_the_storm, gammafunk_temple_overflow_statue,
          nicolae_overflow_hidden_temple
D:3:      layout_basic, elyvilon_altar_3, uniq_ijyb, uniq_crazy_yiuf_cottage,
          uniq_grinder
D:4:      layout_loops_ring, marbit_many_paths, gammafunk_ghost_gnarly_gnolls,
          first_ration
D:5:      layout_cave_pools, minmay_temple_entry_mist
D:6:      layout_loops_ring, kennysheep_okawaru_gauntlet
D:7:      layout_basic, kennysheep_mini, serial_shops, shop, grunt_livestock,
          serial_bayou_lake_a
Temple:   jpeg_temple_clearing

Skill      XL: |  1  2  3  4  5  6  7  8  9 |
---------------+----------------------------+-----
Spellcasting   | 5 6 |  6.7
Invocations    | 1 2 3 4 |  4.8
Short Blades   | 1 2 3 4 |  4.3
Long Blades    | 1 2 3 4 |  4.3
Axes           | 1 2 3 4 |  4.3
Maces & Flails | 1 2 3 4 |  4.3
Staves         | 1 2 3 4 |  4.3
Slings         | 1 2 3 4 |  4.3
Bows           | 1 2 3 4 |  4.3
Crossbows      | 1 2 3 4 |  4.3
Throwing       | 1 2 3 4 |  4.3
Stealth        | 1 2 3 4 |  4.3
Shields        | 1 2 3 4 |  4.3
Unarmed Combat | 1 2 3 4 |  4.3
Evocations     | 1 2 3 4 |  4.3
Conjurations   | 1 2 3 |  3.5
Hexes          | 1 2 3 |  3.5
Summonings     | 1 2 3 |  3.5
Necromancy     | 1 2 3 |  3.5
Translocations | 1 2 3 |  3.5
Transmutations | 1 2 3 |  3.5
Fire Magic     | 1 2 3 |  3.5
Ice Magic      | 1 2 3 |  3.5
Air Magic      | 1 2 3 |  3.5
Earth Magic    | 1 2 3 |  3.5
Poison Magic   | 1 2 3 |  3.5
Armour         | 3 4 5 |  5.1
Fighting       | 5 6 |  6.4
Polearms       | 5 6 |  6.4
Dodging        | 5 6 |  6.4
Charms         | 6 |  6.6

Action                   |  1- 3 |  4- 6 |  7- 9 || total
-------------------------+-------+-------+-------++-------
Melee: Spear             |   151 |   173 |   225 ||   549
       Bite              |    14 |    16 |    56 ||    86
       Punch             |     2 |       |     2 ||     4
       Trident           |       |       |   186 ||   186
       Halberd           |       |       |    51 ||    51
Throw: Javelin           |       |       |     7 ||     7
 Cast: Spectral Weapon   |     2 |     3 |    11 ||    16
       Shroud of Golubri |       |     1 |     1 ||     2
       Regeneration      |       |       |     3 ||     3
  Use: Scroll            |       |       |    10 ||    10
       Potion            |       |       |     1 ||     1
 Stab: Sleeping          |     1 |     6 |    10 ||    17
       Distracted        |     1 |     1 |     2 ||     4
  Eat: Chunk             |     2 |     5 |    17 ||    24
Armor: Leather armour    |    18 |    34 |    92 ||   144
Dodge: Dodged            |    63 |    97 |   298 ||   458
Block: Buckler           |       |       |    27 ||    27

Table legend:
 A = Non-vault XP
 B = Vault XP
 C = Vault XP percentage of total XP
 D = Non-vault monster count
 E = Vault monster count
 F = Vault count percentage of total count
                 A         B        C        D         E       F
            +---------+---------+-------+---------+---------+-------
      Total |    3419 |     357 |   9.5 |     164 |       5 |   3.0
            +---------+---------+-------+---------+---------+-------
        D:1 |      64 |       0 |   0.0 |      32 |       0 |   0.0
        D:2 |      86 |       0 |   0.0 |      24 |       0 |   0.0
        D:3 |      37 |     340 |  90.2 |      18 |       2 |  10.0
        D:4 |     779 |      13 |   1.6 |      29 |       1 |   3.3
        D:5 |     336 |       0 |   0.0 |      10 |       0 |   0.0
        D:6 |    1372 |       4 |   0.3 |      30 |       2 |   6.2
        D:7 |     745 |       0 |   0.0 |      21 |       0 |   0.0
            +---------+---------+-------+---------+---------+-------
